 Dungeon Crawl Stone Soup version 0.32-a0-933-ga8fa3634e4 (webtiles) character file.

Game seed: 2018533304809693397

64 smashvw the Shooter (level 3, -4/18 HPs)
             Began as a Spriggan Hunter on Apr 14, 2024.
             Killed by divine providence
             ... invoked by an orc priest
              (11 damage)
             ... on level 3 of the Dungeon.
             The game lasted 00:03:49 (1419 turns).

smashvw the Shooter (Spriggan Hunter)               Turns: 1419, Time: 00:03:50

Health: -4/18      AC:  3    Str:  7    XL:     3   Next: 91%
Magic:  4/4        EV: 18    Int: 10    God:
Gold:   165        SH:  0    Dex: 20    Spells: 2/2 levels left

rFire   . . .        a - +0 shortbow
rCold   . . .        (shield currently unavailable)
rNeg    . . .        c - +0 robe
rPois   .            (helmet restricted)
rElec   .            i - +0 cloak
rCorr   .            (gloves unavailable)
SInv    +            (boots unavailable)
Will    .....        (no amulet)
Stlth   +++          (no ring)
HPRegen 0.23/turn    (no ring)
MPRegen 0.09/turn

%: no passive effects
@: very quick
A: very small, no large weapons, unfitting armour, see invisible, speed 3
a: Convert to Beogh


You were on level 3 of the Dungeon.
You visited 1 branch of the dungeon, and saw 3 of its levels.

You collected 165 gold pieces.

Inventory:

Hand Weapons
 a - a +0 shortbow (weapon)
Armour
 c - a +0 robe (worn)
 i - a +0 cloak (worn)
Jewellery
 n - a ring of protection from cold
 p - a ring of magical power
 q - a ring of fire
Talismans
 g - a granite talisman
Scrolls
 b - a scroll of butterflies
 e - 2 scrolls of teleportation {unknown}
 k - a scroll of vulnerability {unknown}
 o - a scroll of acquirement {unknown}
Potions
 d - 2 potions of curing {unknown}
 f - a potion of enlightenment {unknown}
 h - a potion of lignification {unknown}
 j - 2 potions of haste {unknown}
 l - a potion of ambrosia {unknown}
 m - 2 potions of magic {unknown}


   Skills:
 - Level 2.0 Fighting
 + Level 4.4 Ranged Weapons
 + Level 3.7 Dodging
 + Level 3.4 Stealth


You had 2 spell levels left.
You didn't know any spells.
Your spell library contained the following spells:

 Spells                   Type           Power      Damage    Failure   Level
 Ensorcelled Hibernation  Hex/Ice        0%         N/A       50%         2
 Passwall                 Erth           0%         N/A       75%         3
 Swiftness                Air            0%         N/A       75%         3


Dungeon Overview and Level Annotations

Branches:
Dungeon (3/15)

Altars:

Shops:
D:1 :   D:2 !


Innate Abilities, Weirdness & Mutations

You are very small and have problems with some larger weapons.
You are too small for most types of armour.
You have supernaturally acute eyesight. (SInv)
You cover ground extremely quickly. (Speed+++)


Message History

No target in view!
No target in view!
You see here an adder corpse.
You open the door.
Found a club.
No target in view!
q - a ring of fire An orc priest and a hobgoblin come into view.
The orc priest is wielding a +2 morningstar of freezing.
You shoot an arrow. The arrow hits the orc priest.
The orc priest shouts!
The orc priest is moderately wounded.
The hobgoblin shouts!
You shoot an arrow.
The arrow hits the hobgoblin but does no damage.
An orc comes into view. It is wielding a +0 falchion.
You shoot an arrow. The arrow closely misses the hobgoblin.
The orc shouts!
The arrow hits the orc but does no damage.
You hear a shout!
The hobgoblin falls through a shaft!
The shaft crumbles and collapses.
An orc comes into view. It is wielding a +0 club.
An orc comes into view. It is wielding a +0 flail.
You shoot an arrow.
The arrow closely misses the orc priest.
The orc shouts!
The arrow hits the orc!
You kill the orc!
The orc priest invokes the aid of Beogh against you.
Pain shoots through your body!
Ouch! That really hurt!
The orc priest shouts, "Beogh offers mercy even to people such as you.
Join us and be reborn!" (press Y on the ability menu to convert to Beogh)
You are too injured to fight recklessly!
The orc suddenly cheers.
There is a stone staircase leading up here.
The orc priest mumbles some strange prayers to Beogh against you.
Beogh smites you!
Ouch! That really hurt!
You die...

#.......#.#)#.##
#.#####.#.###..#
#.....#.#.###..#
###...#.#.#....####
###...#.#.#.#.....#
#.'.....#.#.#.....+ .
###...###.#.......###..)
#........###.>o.o..o..
#........@......#
#........####.###
#.............#
#........######
#........############
#...................#
########............#
#.......)....#
#............#


You could see an orc priest and an orc.

Vanquished Creatures
  2 adders
  A dart slug (D:2)
  An orc (D:3)
  4 endoplasms
  2 giant cockroaches
  4 goblins (D:1)
  4 hobgoblins (D:1)
  3 quokkas (D:2)
  6 ball pythons
  4 bats
  4 frilled lizards
  A kobold (D:1)
  4 rats (D:1)
40 creatures vanquished.

Notes
Turn   | Place    | Note
-------+----------+-------------------------------------------
     0 | D:1      | smashvw the Spriggan Hunter began the quest for the Orb.
     0 | D:1      | Reached XP level 1. HP: 10/10 MP: 2/2
   160 | D:1      | Found Oxowymp's Book Shop.
   182 | D:1      | Reached XP level 2. HP: 15/15 MP: 3/3
   864 | D:2      | Found Puiroil's Distillery.
   903 | D:2      | Reached XP level 3. HP: 18/18 MP: 4/4
  1089 | D:2      | Found a faded altar of an unknown god.
  1419 | D:3      | Killed from afar by an orc priest

Illustrated notes

Levels and vault maps discovered:
D:1:      minmay_arrival_diagonal_passages, layout_loops_ring, serial_shops,
          shop, minmay_misc_feat_pillars,
          nicolae_concentric_dashed_squares_mild, minmay_three_crescents
D:2:      layout_rooms, shapermc_ecumenical_altar_acropolis, serial_shops, shop
D:3:      layout_basic

Skill      XL: |  1  2  3 |
---------------+----------+-----
Stealth        | 2 3 |  3.4
Dodging        | 3 |  3.7
Fighting       | 2 |  2.0
Ranged Weapons | |  4.4

Action                     || total
---------------------------++-------
   Fire: Shortbow          ||   112
 Armour: Robe              ||    25
  Dodge: Dodged            ||    75

Table legend: (Time is in decaauts)
 A = Elapsed time spent in this place.
 B = Non-inter-level travel time spent in this place.
 C = Inter-level travel time spent in this place.
 D = Time resting spent in this place.
 E = Time spent auto-exploring this place.
 F = Levels seen in this place.
 G = Mean time per level.
                   A        B        C        D        E       F      G
               +--------+--------+--------+--------+--------+-----+--------+
         Total |   1015 |    963 |     52 |    145 |    583 |   3 |  338.3 |
       Dungeon |   1015 |    963 |     52 |    145 |    583 |   3 |  338.3 |
               +--------+--------+--------+--------+--------+-----+--------+

Top non-repeatable levels by time:
     D:1: 616 daAuts
     D:2: 315 daAuts
     D:3: 83 daAuts
